 Dungeon Crawl Stone Soup version 0.31-a0-982-g1816016f30 (webtiles) character file.

Game seed: 15448380894404088065

11872 BinkBink the Nimble (level 11, -5/69 HPs)
             Began as a Tengu Monk on Nov 2, 2023.
             Was a Believer of Qazlal.
             Slain by an enormous slime creature (74 damage)
             ... on level 12 of the Dungeon.
             The game lasted 00:24:59 (14352 turns).

BinkBink the Nimble (Tengu Monk)                   Turns: 14352, Time: 00:24:59

Health: -5/69      AC:  4    Str:  7    XL:     11   Next: 84%
Magic:  12/12      EV: 43    Int:  7    God:    Qazlal [**....]
Gold:   777        SH:  3    Dex: 26    Spells: 10/10 levels left

rFire   . . .        W - +5 great sword "Muiverav" {heavy, rElec Will++ Str-4 Dex+2}
rCold   . . .        (shield currently unavailable)
rNeg    + + +        b - +0 robe
rPois   +            (helmet restricted)
rElec   +            m - +0 cloak
rCorr   .            (no gloves)
SInv    .            (boots unavailable)
Will    ++...        D - amulet of Ascent {Acrobat Harm rN++ Int-4 Dex+3}
Stlth   ++           P - ring of poison resistance
HPRegen 0.31/turn    T - ring of positive energy
MPRegen 0.13/turn

%: harm (+30% outgoing, +20% incoming), acrobat
@: acrobatic, flying
A: beak, talons 3, evasive flight, acrobatic
a: Renounce Religion, Upheaval


You were on level 12 of the Dungeon.
You worshipped Qazlal.
Qazlal was pleased with you.
You visited 2 branches of the dungeon, and saw 13 of its levels.

You collected 847 gold pieces.
You spent 70 gold pieces at shops.

Inventory:

Hand Weapons
 j - a +4 short sword
 V - the +7 Spriggan's Knife {stab, EV+4 Stlth+}
   (You took it off a kobold demonologist on level 9 of the Dungeon)

   Stab:      It is more effective when stabbing unaware enemies, sometimes
   treating them as though they were completely helpless.
   EV+4:      It affects your evasion (+4).
   Stlth+:    It makes you more stealthy.
 W - the +5 great sword "Muiverav" (weapon) {heavy, rElec Will++ Str-4 Dex+2}
   (You took it off a gnoll on level 9 of the Dungeon)

   Str-4:     It affects your strength (-4).
   Dex+2:     It affects your dexterity (+2).
   rElec:     It insulates you from electricity.
   Will++:    It greatly increases your willpower.
Missiles
 a - a throwing net
Armour
 b - a +0 robe (worn)
 d - an orb of light
 f - a +0 plate armour
 m - a +0 cloak (worn)
 I - a +0 pair of boots
 J - a +0 buckler
Jewellery
 D - the amulet of Ascent (around neck) {Acrobat Harm rN++ Int-4 Dex+3}
   (You found it on level 4 of the Dungeon)

   [amulet of the acrobat]

   Acrobat:   It increases your evasion while moving and waiting.
   Int-4:     It affects your intelligence (-4).
   Dex+3:     It affects your dexterity (+3).
   rN++:      It greatly protects you from negative energy.
   Harm:      It increases damage dealt and taken.
 P - a ring of poison resistance (left hand)
 T - a ring of positive energy (right hand)
 Y - an amulet of reflection
Talismans
 h - a beast talisman
Wands
 w - a wand of mindburst (15)
 x - a wand of light (12)
 E - a wand of charming (12)
 L - a wand of iceblast (10)
 Z - a wand of flame (16)
Scrolls
 k - 2 scrolls of enchant armour
 l - 4 scrolls of immolation
 n - a scroll of amnesia
 o - 2 scrolls of fog
 p - 2 scrolls of revelation
 q - a scroll of butterflies {unknown}
 s - a scroll of fear
 t - 2 scrolls of poison
 v - 6 scrolls of teleportation
 y - a scroll of silence {unknown}
 B - a scroll of torment {unknown}
 F - a scroll of brand weapon {unknown}
 Q - a scroll of acquirement {unknown}
 R - a scroll of blinking
 S - 2 scrolls of enchant weapon {unknown}
 X - a scroll of noise {unknown}
Potions
 c - 3 potions of ambrosia
 e - a potion of resistance {unknown}
 g - 2 potions of heal wounds
 i - 2 potions of attraction {unknown}
 r - 3 potions of berserk rage {unknown}
 u - a potion of brilliance {unknown}
 z - 3 potions of cancellation {unknown}
 A - 4 potions of curing {unknown}
 C - a potion of mutation {unknown}
 G - 4 potions of lignification {unknown}
 H - a potion of invisibility {unknown}
 K - 2 potions of enlightenment {unknown}
 M - a potion of haste {unknown}
 N - 3 potions of magic {unknown}
 O - 2 potions of degeneration {unknown}
 U - 2 potions of might {unknown}


   Skills:
 + Level 8.7 Fighting
 + Level 9.5 Long Blades
 + Level 8.5 Armour
 * Level 12.8 Dodging
 - Level 4.7 Shields


You had 10 spell levels left.
You didn't know any spells.
Your spell library contained the following spells:

 Spells                   Type           Power      Damage    Failure   Level
 Sandblast                Erth           0%         2d4       43%         1
 Lesser Beckoning         Tloc           0%         N/A       56%         2
 Passwall                 Tmut/Erth      0%         N/A       56%         2
 Dazzling Flash           Conj/Hex       0%         N/A       80%         3
 Gell's Gravitas          Tloc           0%         N/A       80%         3
 Stone Arrow              Conj/Erth      0%         3d7       80%         3
 Teleport Other           Tloc           0%         N/A       80%         3
 Volatile Blastmotes      Fire/Tloc      0%         2d10      80%         3
 Animate Dead             Necr           0%         N/A       99%         4
 Brom's Barrelling Bould  Conj/Erth      0%         2d3       99%         4
 Fulminant Prism          Conj/Hex       0%         3d5       99%         4
 Iskenderun's Mystic Bla  Conj/Tloc      0%         2d3       99%         4
 Agony                    Necr           0%         N/A       100%        5
 Silence                  Hex/Air        0%         N/A       100%        5
 Haunt                    Necr/Summ      0%         N/A       100%        7
 Infestation              Necr           0%         N/A       100%        8


Dungeon Overview and Level Annotations

Branches:
Dungeon (12/15)            Temple (1/1) D:6            Lair (0/5) D:11
    Orc: D:9-12

Altars:
Ashenzari
Cheibriados
Dithmenos
Elyvilon
Fedhas
Gozag
Hepliaklqana
Kikubaaqudgha
Makhleb
Nemelex Xobeh
Okawaru
Qazlal
Ru
Sif Muna
Trog
Uskayaw
Vehumet
Wu Jian
Xom
Yredelemnul
Zin
The Shining One

Shops:
D:5 :   D:6 !


Innate Abilities, Weirdness & Mutations

You have a beak for a mouth.
You have claws for feet.
Your magical flight helps you evade attacks. (EV +4)
You can magically evade attacks while moving or waiting.


Message History

You start waiting.
A slime creature is nearby!
The gnoll shouts!
The slime creature completely misses you.
You hit the slime creature. You claw the slime creature.
You peck the slime creature.
The slime creature is lightly wounded.
The slime creature misses you. The slime creature barely misses you.
You slice the slime creature!! Your kick misses the slime creature.
You peck the slime creature, but do no damage.
The slime creature is severely wounded.
The slime creature misses you.
A slime creature comes into view. x2
The slime creature quivers.
You open the slime creature like a pillowcase!!!
You kill the slime creature!
Qazlal accepts your kill.
A slime creature comes into view.
You barely miss the slime creature. You claw the slime creature.
The slime creature is lightly wounded.
A slime creature comes into view.
The slime creature closely misses you. The gnoll completely misses you.
Two slime creatures merge to form a large slime creature.
The slime creature closely misses you. The gnoll hits you but does no damage.
You slash the gnoll! You claw the gnoll.
You kill the gnoll!
Qazlal accepts your kill.
Two slime creatures merge to form a large slime creature.
The large slime creature misses you.
You open the large slime creature like a pillowcase!!!
You claw the large slime creature!
The large slime creature is heavily wounded.
The large slime creature misses you.
A slime creature comes into view. x2
Two slime creatures merge to form a large slime creature.
Two slime creatures merge to form an enormous slime creature.
The enormous slime creature attacks as it pursues you!
The enormous slime creature hits you!!!
Ouch! That really hurt!
You die...

#...#.....# ####'#
#...#.....######..... .
##...#.....'....'..... .g
#....#.....######..... ...
#=...####'## #..... ...
#....# #.# #..... #..
#....####.# ###'##
#..####..○..○...#########.##
#....)J..J@................
#####.############.########
#)# ###.######## #J#
............ #..
.######......... ....
................ .....
................ .......
#..........##..[
.......##..........##...


You could see an enormous slime creature and a slime creature.

Vanquished Creatures
  Josephine (D:12)
  2 two-headed ogres (D:11)
  4 cyclopes
  Jeremiah (D:9)
  3 kobold demonologists
  A gargoyle (D:12)
  3 trolls
  Prince Ribbit (D:6)
  A slime creature (D:12)
  Sigmund (D:3)
  9 yaks
  2 wraiths (D:12)
  A steam dragon (D:6)
  4 vampire mosquitoes (D:10)
  An acid dragon (D:11)
  A water moccasin (D:8)
  4 orc warriors
  3 centaurs
  An ogre (D:6)
  A phantom (D:6)
  2 kobold brigands (D:11)
  A bullfrog (D:8)
  2 gnoll sergeants
  3 wights (D:9)
  26 killer bees
  5 howler monkeys
  7 orc priests
  2 hounds
  2 jellies
  Crazy Yiuf (D:6)
  4 iguanas
  Ijyb (D:3)
  A sleepcap (D:8)
  Jessica (D:2)
  Terence (D:2)
  9 orc wizards
  Robin (D:3)
  13 gnolls
  7 adders
  3 white imps
  2 ufetubi (D:5)
  A worm (D:2)
  3 dart slugs
  44 orcs
  7 bats
  8 endoplasms
  A giant cockroach (D:4)
  15 goblins
  8 hobgoblins
  3 jackals (D:2)
  3 quokkas
  5 ball pythons
  3 frilled lizards
  10 kobolds
  7 rats
257 creatures vanquished.

Notes
Turn   | Place    | Note
-------+----------+-------------------------------------------
     0 | D:1      | BinkBink the Tengu Monk began the quest for the Orb.
     0 | D:1      | Reached XP level 1. HP: 14/14 MP: 2/2
    96 | D:1      | Reached XP level 2. HP: 18/19 MP: 3/3
   452 | D:1      | Reached XP level 3. HP: 19/23 MP: 4/4
   907 | D:2      | Reached skill level 4 in Dodging
   991 | D:2      | Noticed Jessica
   995 | D:2      | Killed Jessica
   996 | D:2      | Reached skill level 1 in Armour
   996 | D:2      | Reached XP level 4. HP: 14/28 MP: 5/5
  1305 | D:2      | Noticed Terence
  1314 | D:2      | Killed Terence
  1982 | D:3      | Noticed Robin
  2130 | D:3      | Killed Robin
  2131 | D:3      | Reached XP level 5. HP: 30/33 MP: 6/6
  2305 | D:3      | Noticed Sigmund
  2311 | D:3      | Killed Sigmund
  2312 | D:3      | Reached skill level 5 in Dodging
  2312 | D:3      | Reached XP level 6. HP: 21/38 MP: 7/7
  2764 | D:3      | Noticed Ijyb
  2794 | D:3      | Killed Ijyb
  3124 | D:4      | Reached skill level 6 in Dodging
  3124 | D:4      | Gained mutation: Your magical flight helps you evade
                  | attacks. (EV +4) [Tengu growth]
  3124 | D:4      | Reached XP level 7. HP: 20/44 MP: 8/8
  4252 | D:4      | Identified the amulet of Ascent {Acrobat Harm rN++ Int-4
                  | Dex+3}
  4345 | D:5      | Entered Level 5 of the Dungeon
  4353 | D:5      | Reached skill level 5 in Long Blades
  4520 | D:5      | Found Vetuop's Book Shoppe.
  5279 | D:6      | Found Couk's Distillery.
  5285 | D:6      | Bought a potion of heal wounds for 70 gold pieces
  5354 | D:6      | Noticed a steam dragon
  5362 | D:6      | Killed a steam dragon
  5363 | D:6      | Reached skill level 5 in Fighting
  5363 | D:6      | Reached skill level 7 in Dodging
  5363 | D:6      | Reached XP level 8. HP: 37/49 MP: 9/9
  5409 | D:6      | Reached skill level 1 in Shields
  5561 | D:6      | Noticed Prince Ribbit
  5580 | D:6      | Killed Prince Ribbit
  5675 | D:6      | Found a runed translucent door.
  5676 | D:6      | Noticed Crazy Yiuf
  5813 | D:6      | Found a staircase to the Ecumenical Temple.
  5979 | Temple   | Entered the Ecumenical Temple
  6409 | D:7      | Found a hazy altar of Hepliaklqana.
  6676 | D:7      | Found a shimmering blue altar of Sif Muna.
  6757 | D:7      | Reached skill level 8 in Dodging
  7096 | D:7      | Reached XP level 9. HP: 44/55 MP: 10/10
  7116 | D:7      | Reached skill level 5 in Armour
  7575 | D:8      | Found an opulent altar of Gozag.
  7964 | D:8      | Reached skill level 9 in Dodging
  8996 | D:9      | Reached XP level 10. HP: 37/61 MP: 11/11
  9346 | D:9      | Reached skill level 10 in Dodging
  9361 | D:9      | Noticed a cyclops
  9372 | D:9      | Killed a cyclops
  9605 | D:9      | Noticed a kobold demonologist
  9756 | D:9      | Noticed a soul eater
  9764 | D:9      | Killed a kobold demonologist
 10175 | D:9      | Found a stormy altar of Qazlal.
 10183 | D:9      | Noticed Jeremiah
 10187 | D:9      | Noticed a cyclops
 10225 | D:9      | Killed a cyclops
 10305 | D:9      | Identified the +5 great sword "Muiverav" {heavy, rElec
                  | Will++ Str-4 Dex+2}
 10331 | D:9      | Became a worshipper of Qazlal Stormbringer
 10331 | D:9      | Reached * piety under Qazlal
 10331 | D:9      | Reached ** piety under Qazlal
 11201 | D:9      | Killed Jeremiah
 11542 | D:10     | Entered Level 10 of the Dungeon
 11586 | D:9      | Reached skill level 11 in Dodging
 11882 | D:10     | Reached XP level 11. HP: 68/68 MP: 12/12
 12454 | D:6      | Killed Crazy Yiuf
 12630 | D:11     | Noticed a two-headed ogre
 12786 | D:11     | Found a staircase to the Lair.
 12872 | D:11     | Noticed a cyclops
 12877 | D:11     | Killed a cyclops
 12935 | D:11     | Noticed a two-headed ogre
 12940 | D:11     | Killed a two-headed ogre
 12941 | D:11     | Reached skill level 12 in Dodging
 13105 | D:11     | Noticed a sixfirhy
 13462 | D:11     | Killed a two-headed ogre
 13597 | D:12     | Noticed a cyclops
 13611 | D:12     | Killed a cyclops
 13915 | D:12     | Noticed Josephine
 13936 | D:12     | Killed Josephine
 14352 | D:12     | Slain by an enormous slime creature

Illustrated notes

Levels and vault maps discovered:
D:1:      dpeg_arrival_line_fractal, layout_loops_ring,
          dreamdust_mushroom_princess
D:2:      layout_basic, serial_aquarium, aquarium_bridge_square
          [aquarium_subvault_bridge, aquarium_subvault_wall,
          aquarium_subvault_bridge, aquarium_subvault_balcony],
          aquarium_bridge_square [aquarium_subvault_bridge,
          aquarium_subvault_wall, aquarium_subvault_balcony,
          aquarium_subvault_bridge], aquarium_window_2, aquarium_window_corner,
          aquarium_window_corner, aquarium_view_2b, aquarium_pool_four,
          uniq_jessica, uniq_terence
D:3:      layout_loops_cross, uniq_sigmund, uniq_robin, uniq_ijyb
D:4:      layout_gridville, serial_forest, infiniplex_forest_zigzag_1,
          infiniplex_forest_pool, infiniplex_forest_clump_long,
          infiniplex_forest_lined_room_2, infiniplex_forest_lined_room_2,
          infiniplex_forest_pool, hangedman_feature_mirror
D:5:      layout_basic, serial_shops, nicolae_book_shop_shelving
D:6:      layout_gridville, minmay_temple_entry_fiery, serial_shops,
          nicolae_stop_n_shop_2, nicolae_underground_beach, uniq_prince_ribbit1,
          uniq_crazy_yiuf_cottage
D:7:      layout_gridville, led_sif_pool, mainiacjoe_overflow_six_doors_small
D:8:      layout_basic, grunt_gozag_statues
D:9:      layout_layer_cave, mainiacjoe_overflow_cross_hatched,
          amcnicky_mini_rare_corridor_liquid, supply_closet_lemuel,
          minmay_radiant, uniq_jeremiah
D:10:     layout_cave_pools
D:11:     layout_small_grid, lair_entry_dummy
D:12:     layout_basic, erik_orc_4, hangedman_aviary, uniq_josephine
Temple:   compressed_dpeg_circular_temple

Skill      XL: |  1  2  3  4  5  6  7  8  9 10 11 |
---------------+----------------------------------+-----
Dodging        | 4 5 6 7 8 9 11 12 | 12.8
Armour         | 1 2 3 4 6 7 8 |  8.5
Long Blades    | 4 5 6 7 8 9 |  9.5
Fighting       | 4 5 6 7 8 |  8.7
Shields        | 2 3 4 |  4.7

Action                     |  1- 3 |  4- 6 |  7- 9 | 10-12 || total
---------------------------+-------+-------+-------+-------++-------
  Melee: Falchion          |    34 |       |       |       ||    34
         Kick              |    11 |    42 |   125 |    77 ||   255
         Peck              |     7 |    26 |    88 |    56 ||   177
         Short sword       |     7 |   128 |   378 |    81 ||   594
         Knife             |       |       |       |    46 ||    46
         Great sword       |       |       |       |   109 ||   109
    Use: Scroll            |       |     1 |     7 |     4 ||    12
         Potion            |       |       |     2 |     1 ||     3
   Stab: Sleeping          |       |       |       |     1 ||     1
 Armour: Robe              |    10 |    54 |    96 |    75 ||   235
  Dodge: Dodged            |    35 |    80 |   333 |   345 ||   793
  Block: Buckler           |       |       |    90 |    29 ||   119
         Other             |       |       |       |    22 ||    22
   Form: Beast             |     1 |       |       |       ||     1
                           |       |       |     1 |       ||     1

Table legend: (Time is in decaauts)
 A = Elapsed time spent in this place.
 B = Non-inter-level travel time spent in this place.
 C = Inter-level travel time spent in this place.
 D = Time resting spent in this place.
 E = Time spent auto-exploring this place.
 F = Levels seen in this place.
 G = Mean time per level.
                   A        B        C        D        E       F      G
               +--------+--------+--------+--------+--------+-----+--------+
         Total |  14383 |  13463 |    920 |   3422 |   7273 |  13 | 1106.4 |
       Dungeon |  14333 |  13463 |    870 |   3422 |   7273 |  12 | 1194.4 |
        Temple |     49 |      0 |     49 |      0 |      0 |   1 |   49.0 |
               +--------+--------+--------+--------+--------+-----+--------+

Top non-repeatable levels by time:
     D:9: 2884 daAuts
     D:6: 1477 daAuts
     D:8: 1367 daAuts
     D:4: 1253 daAuts
     D:2: 1145 daAuts
     D:7: 1068 daAuts
     D:3: 1030 daAuts
    D:11: 927 daAuts
     D:1: 898 daAuts
    D:12: 862 daAuts
    D:10: 782 daAuts
     D:5: 637 daAuts
  Temple: 49 daAuts
